 Dungeon Crawl Stone Soup version 0.28.0-43-g3370ac3207 (webtiles) character file.

Game seed: 15780932658443526392

1694 adizb the Cudgeller (level 8, -2/78 HPs)
             Began as a Troll Monk on Mar 3, 2022.
             Succumbed to a water moccasin's poison
             ... on level 6 of the Dungeon on Mar 4, 2022.
             The game lasted 00:30:34 (3805 turns).

adizb the Cudgeller (Troll Monk)                    Turns: 3805, Time: 00:30:35

Health: -2/78      AC:  5    Str: 20    XL:     8   Next: 72%
Magic:  7/7        EV: 11    Int:  6    God:
Gold:   272        SH:  5    Dex: 14    Spells: 6/7 levels left

rFire   . . .      SeeInvis .   h - +2 whip (elec)
rCold   . . .      Faith    .   (no shield)
rNeg    . . .      Spirit   .   b - +1 robe
rPois   .          Reflect  +   (helmet restricted)
rElec   .          Harm     .   (no cloak)
rCorr   .          Rampage  .   (gloves unavailable)
Will    .....                   (boots unavailable)
Stlth   ++........              p - amulet of reflection
HPRegen 1.03/turn               (no ring)
MPRegen 0.10/turn               (no ring)

@: brilliant, lethally poisoned (-2 -> -11)
A: large, unfitting armour, claws 3, regeneration 1, shaggy fur 1, tough skin 1
a: no special abilities


You were on level 6 of the Dungeon.
You visited 1 branch of the dungeon, and saw 6 of its levels.

You collected 272 gold pieces.

Inventory:

Hand Weapons
 a - a +0 mace
 f - a +0 mace of protection
 h - a +2 whip of electrocution (weapon)
 j - a +2 whip of flaming
 l - a +3 dire flail
Missiles
 i - 2 boomerangs (quivered)
Armour
 b - a +1 robe (worn)
Jewellery
 p - an amulet of reflection (around neck)
Wands
 n - a wand of iceblast (7)
 s - a wand of acid (10)
Scrolls
 e - a scroll of torment {unknown}
 k - a scroll of blinking {unknown}
 o - a scroll of vulnerability
 r - a scroll of enchant armour
 u - a scroll of teleportation {unknown}
 v - a scroll of amnesia
 w - 2 scrolls of immolation {unknown}
Potions
 c - 2 potions of mutation {unknown}
 d - 2 potions of brilliance
 g - 2 potions of attraction
 m - 2 potions of haste
 q - a potion of ambrosia {unknown}
 t - a potion of berserk rage {unknown}


   Skills:
 + Level 4.3 Fighting
 + Level 4.7 Maces & Flails
 + Level 3.5 Throwing
 - Level 1.1 Armour
 + Level 3.9 Dodging
 - Level 1.0 Stealth
 + Level 4.0 Unarmed Combat
 * Level 4.3 Transmutations


You had 6 spell levels left.
You knew the following spells:

 Your Spells              Type           Power      Damage    Failure   Level
a - Beastly Appendage     Tmut           14%        N/A       9%          1

Your spell library contained the following spells:

 Spells                   Type           Power      Damage    Failure   Level
 Wereblood                Tmut           7%         N/A       13%         2
 Freeze                   Ice            0%         1d3       45%         1
 Spider Form              Tmut/Pois      3%         N/A       52%         3
 Sublimation of Blood     Necr           0%         N/A       58%         2
 Ignite Poison            Fire/Tmut/Pois 2%         N/A       63%         3
 Frozen Ramparts          Ice            0%         1d2       83%         3
 Mephitic Cloud           Conj/Pois/Air  0%         N/A       83%         3
 Petrify                  Tmut/Erth      3%         N/A       90%         4
 Airstrike                Air            0%         N/A       99%         4
 Hailstorm                Conj/Ice       0%         3d3       99%         4
 Summon Lightning Spire   Summ/Air       0%         N/A       99%         4
 Irradiate                Conj/Tmut      1%         3d14      99%         5
 Freezing Cloud           Conj/Ice/Air   0%         6-21      100%        5
 Lightning Bolt           Conj/Air       0%         1d11      100%        5


Dungeon Overview and Level Annotations

Branches:
Dungeon (6/15)             Temple (0/1) D:6

Altars:
Nemelex Xobeh
Sif Muna
Uskayaw


Innate Abilities, Weirdness & Mutations

You are too large for most types of armour.
You have claws for hands.
Your natural rate of healing is unusually fast.
You are covered in fur. (AC +1)
You have tough skin. (AC +1)


Message History

You feel very sick. The adder bites you.
You are more poisoned.
The adder poisons you! The river rat bites you. The water moccasin bites you!
The adder closely misses you.
You feel very sick.
The river rat twitches its whiskers.
You block the water moccasin's attack.
You feel very sick. You block the river rat's attack.
You feel sick.
You see here a rat corpse.
You feel sick. You block the water moccasin's attack.
You see here a +0 robe.
You feel sick.
You barely miss the river rat.
You feel sick. You block the river rat's attack.
You whack the river rat!
The river rat is severely wounded.
The river rat barely misses you.
You hit the river rat.
Lightning courses through the river rat!
You kill the river rat!
You feel sick.
The river rat twitches its whiskers.
The water moccasin bites you.
* * * LOW HITPOINT WARNING * * *
Your Unarmed Combat skill increases to level 4!
You hit the adder.
You kill the adder!
You feel sick. The water moccasin bites you!
* * * LOW HITPOINT WARNING * * *
Your life force feels restored.
You barely miss the water moccasin.
You feel sick. The water moccasin bites you.
* * * LOW HITPOINT WARNING * * *
You are lethally poisoned!
The water moccasin poisons you!
It was a potion of brilliance.
You feel clever all of a sudden.
You die...

# #...# # #...# # #...# #
##.## ### # #.# ####.. ### #
#######.# #....#### ≈≈≈≈≈
........# #.......####≈#≈#≈≈
############...†##...≈≈≈≈≈.≈.
........@Sr....≈....?
#.####)###.......... < #.#
#####...... . #)# .#.##.
#.##.###### # # #.#.#.......#
##### #...........# ....##
####.#.......# .....#
#............#


You could see a water moccasin and a river rat.

Vanquished Creatures
  Pikel (D:6)
  The ghost of ISoar the Insei, an amateur GnTm (D:3)
  Sigmund (D:5)
  A steam dragon (D:4)
  A centaur (D:6)
  A scorpion (D:6)
  A water moccasin zombie (D:5)
  3 wights (D:6)
  A howler monkey (D:6)
  A hound (D:5)
  2 bullfrog skeletons
  Crazy Yiuf (D:5)
  2 orc wizards
  A hound skeleton (D:5)
  3 gnolls (D:2)
  8 adders
  A river rat (D:6)
  A shadow imp (D:4)
  3 ufetubi (D:5)
  An adder skeleton (D:4)
  A worm (D:3)
  2 dart slugs
  13 orcs
  4 bats
  11 endoplasms
  4 goblins
  2 hobgoblins (D:1)
  7 quokkas
  8 ball pythons
  3 frilled lizards (D:3)
  7 kobolds
  4 rats
101 creatures vanquished.

Notes
Turn   | Place    | Note
-------+----------+-------------------------------------------
     0 | D:1      | adizb the Troll Monk began the quest for the Orb.
     0 | D:1      | Reached XP level 1. HP: 22/22 MP: 0/0
   221 | D:1      | Found a faded altar of an unknown god.
   238 | D:1      | Reached XP level 2. HP: 29/29 MP: 1/1
   755 | D:2      | Reached XP level 3. HP: 26/36 MP: 2/2
   830 | D:2      | Reached skill level 1 in Unarmed Combat
   834 | D:2      | Reached skill level 1 in Throwing
   834 | D:2      | Reached skill level 1 in Transmutations
  1001 | D:2      | Learned a level 1 spell: Beastly Appendage
  1027 | D:3      | Reached XP level 4. HP: 44/44 MP: 3/3
  1038 | D:3      | Reached skill level 1 in Armour
  1059 | D:3      | Found a sparkling altar of Nemelex Xobeh.
  1066 | D:3      | You fall into a shaft and drop 2 floors!
  1066 | D:5      | Entered Level 5 of the Dungeon
  1230 | D:5      | Found a runed translucent door.
  1231 | D:5      | Noticed Crazy Yiuf
  1241 | D:5      | Killed Crazy Yiuf
  1279 | D:5      | Reached XP level 5. HP: 45/52 MP: 4/4
  1449 | D:5      | Reached XP level 6. HP: 47/61 MP: 5/5
  1536 | D:4      | Noticed a steam dragon
  1565 | D:4      | Killed a steam dragon
  1603 | D:4      | Found the +8 longbow "Zephyr" {speed, Dex+3 SInv}
  1981 | D:3      | Found a runed translucent door.
  2033 | D:3      | Found a hide-covered altar of Uskayaw.
  2089 | D:3      | Noticed ISoar's ghost (amateur GnTm)
  2122 | D:3      | Killed ISoar's ghost
  2123 | D:3      | Reached XP level 7. HP: 49/67 MP: 6/6
  2872 | D:5      | Found a shimmering blue altar of Sif Muna.
  2948 | D:5      | Noticed Sigmund
  2975 | D:5      | Killed Sigmund
  3296 | D:6      | Reached XP level 8. HP: 75/78 MP: 7/7
  3369 | D:6      | Found a staircase to the Ecumenical Temple.
  3673 | D:6      | Noticed Pikel
  3703 | D:6      | Killed Pikel
  3804 | D:6      | HP: 1/78 [water moccasin (5)]
  3805 | D:6      | Succumbed to a water moccasin's poison

Illustrated notes

Levels and vault maps discovered:
D:1:      lemuel_arrival_funnel, layout_basic,
          shapermc_ecumenical_altar_totnotflames
D:2:      layout_rooms, minmay_tetromino_o2
D:3:      layout_basic, mainiacjoe_overflow_large_starburst,
          ebering_ghost_sewer_d
D:4:      layout_cave_pools, kennysheep_minor_cross, hangedman_decor_peaks_small
D:5:      layout_loops_ring, nicolae_overflow_crystal_walls,
          amcnicky_mini_corridor_feature, uniq_sigmund, uniq_crazy_yiuf_cottage
D:6:      layout_loops_cross, lemuel_coloured_pillars_altar,
          minmay_temple_entry_glassed_door, lightli_sewer_entry_pipes,
          hangedman_abyss_or_decor_passed, chequers_serial_rivers_small_3,
          amcnicky_mini_pool_small, uniq_pikel

Skill      XL: |  1  2  3  4  5  6  7  8 |
---------------+-------------------------+-----
Unarmed Combat | 1 2 3 4 |  4.0
Maces & Flails | 3 4 |  4.7
Throwing       | 1 2 3 |  3.5
Transmutations | 1 2 3 4 |  4.3
Armour         | 1 |  1.1
Fighting       | 3 4 |  4.3
Dodging        | 3 |  3.9
Stealth        | |  1.0

Action                   |  1- 3 |  4- 6 |  7- 9 || total
-------------------------+-------+-------+-------++-------
Melee: Mace              |    30 |       |       ||    30
       Punch             |     2 |     1 |       ||     3
       Whip              |    26 |   124 |    90 ||   240
       Kick              |       |       |     2 ||     2
Throw: Boomerang         |    25 |    85 |    23 ||   133
 Cast: Beastly Appendage |       |       |     1 ||     1
  Use: Scroll            |       |     5 |     4 ||     9
       Potion            |       |       |     5 ||     5
 Stab: Sleeping          |       |       |     1 ||     1
Armor: Robe              |    11 |    33 |    18 ||    62
       Skin              |       |       |    15 ||    15
Dodge: Dodged            |    23 |    62 |    39 ||   124
Block: Other             |       |     6 |    17 ||    23
       Reflection        |       |       |     1 ||     1
